AoeStats
← FlowCycling

Arena

508028537Analyzed
4v4 RM · 13d ago on Sep 20, 2026· 44m 8s· 8 players
Game mode
Random Map
Map size
Large (8 player)
Population
200
Speed
Normal
Resources
Standard
Victory
Conquest
Starting age
Dark Age
Ending age
Imperial Age
RankedLock teamsTeams togetherTeam positionsShared explorationLock speedFull tech treeHidden civsTurbo modeCheats
Victory
Defeat
🇧🇪 Vietnamese · Belgium
1064
+15
🇩🇪 Burgundians · Germany
1022
+17
🇦🇷 Celts · Argentina
1020
+17
🇨🇳 Burgundians · China
983
+18
🇫🇷 Persians · France
1104
-20
🇪🇸 Khmer · Spain
1059
-18
🇫🇷 Ethiopians · France
1006
-15
🇹🇷 Cumans · Türkiye
980
-14
FlowCycling
3:14 Loom
10:18 Feudal Age
15:33 Castle Age
14:13 Horse Collar
15:20 Double-Bit Axe
18:07 Bow Saw
19:12 Heavy Plow
19:17 Padded Archer Armor
20:42 Gold Mining
26:43 Loom
30:15 Imperial Age
27:38 Crossbowman
28:26 Thumb Ring
28:07 Elite Skirmisher
29:50 Wheelbarrow
29:04 Town Watch
29:05 Loom
30:14 Ballistics
30:05 Fortified Wall
29:36 Treadmill Crane
31:01 Hand Cart
31:13 Leather Archer Armor
30:49 Fletching
31:10 Forging
31:01 Scale Mail Armor
30:25 Pikeman
31:05 Squires
30:44 Imperial Skirmisher
31:59 Paper Money
32:46 Chemistry
32:27 Halberdier
33:28 Siege Engineers
36:00 Hoardings
36:22 Crop Rotation
36:45 Caravan
37:09 Elite Rattan Archer
38:24 Imperial Skirmisher
42:12 Ring Archer Armor
41:38 Bodkin Arrow
42:20 Iron Casting
42:00 Chain Mail Armor
42:52 Two-Man Saw
43:41 Arson
43:58 Bracer
44:01 Town Patrol
RapperWaerter97
10:43 Feudal Age
10:38 Double-Bit Axe
16:31 Castle Age
14:38 Horse Collar
15:57 Bow Saw
16:04 Stone Mining
16:33 Heavy Plow
17:34 Wheelbarrow
19:51 Two-Man Saw
23:18 Gold Mining
25:27 Hand Cart
27:21 Gold Shaft Mining
28:01 Crop Rotation
31:34 Imperial Age
29:51 Pikeman
30:32 Squires
30:18 Arson
31:05 Scale Barding Armor
31:01 Scale Mail Armor
31:03 Padded Archer Armor
32:26 Burgundian Vineyards
32:25 Murder Holes
32:16 Arrowslits
32:52 Ballistics
33:34 Stone Shaft Mining
33:04 Halberdier
34:09 Chain Barding Armor
34:05 Chain Mail Armor
34:01 Forging
34:10 Leather Archer Armor
33:47 Fletching
33:53 Elite Coustillier
35:35 Plate Barding Armor
36:35 Chemistry
35:46 Fortified Wall
40:03 Plate Mail Armor
40:09 Iron Casting
39:32 Bodkin Arrow
39:15 Elite Skirmisher
Aya
4:58 Double-Bit Axe
7:10 Horse Collar
9:37 Wheelbarrow
11:50 Feudal Age
16:36 Castle Age
16:29 Bow Saw
16:24 Heavy Plow
20:33 Two-Man Saw
20:34 Crop Rotation
20:08 Stone Mining
20:11 Gold Mining
26:52 Stone Shaft Mining
27:07 Hand Cart
26:38 Loom
27:36 Gold Shaft Mining
28:17 Scale Barding Armor
28:23 Forging
29:49 Chain Barding Armor
32:40 Imperial Age
30:35 Burgundian Vineyards
29:55 Cavalier
30:38 Husbandry
31:29 Iron Casting
32:33 Caravan
33:46 Conscription
32:49 Paladin
35:01 Chemistry
36:49 Plate Barding Armor
37:14 Blast Furnace
40:17 Blast Furnace
Luke Vickerry
11:01 Feudal Age
15:29 Castle Age
14:27 Scale Mail Armor
27:32 Double-Bit Axe
28:00 Forging
31:08 Chain Mail Armor
33:50 Wheelbarrow
33:00 Town Watch
34:41 Loom
35:11 Hand Cart
35:37 Bow Saw
40:22 Imperial Age
40:42 Iron Casting
39:58 Fletching
41:40 Plate Mail Armor
40:35 Capped Ram
40:41 Elite Woad Raider
41:45 Siege Ram
43:39 Furor Celtica
razors-38i
11:04 Feudal Age
14:55 Castle Age
13:36 Double-Bit Axe
14:17 Horse Collar
24:11 Heavy Plow
24:28 Bow Saw
24:35 Gold Mining
29:16 Imperial Age
27:34 Wheelbarrow
28:09 Gold Shaft Mining
27:06 Crossbowman
28:52 Ballistics
28:44 Thumb Ring
28:46 Squires
28:31 Arson
28:49 Padded Archer Armor
29:01 Forging
28:51 Scale Mail Armor
29:28 Fletching
29:54 Leather Archer Armor
31:02 Chemistry
31:27 Two-Man Saw
30:07 Arbalester
31:08 Stone Mining
33:25 Halberdier
34:24 Bodkin Arrow
35:00 Ring Archer Armor
35:06 Iron Casting
34:46 Chain Mail Armor
35:14 Conscription
35:59 Bracer
36:30 Ring Archer Armor
36:27 Elite Shotel Warrior
37:11 Royal Heirs
40:39 Blast Furnace
40:09 Plate Mail Armor
lyonnais--86
11:05 Feudal Age
14:58 Castle Age
12:54 Double-Bit Axe
13:09 Horse Collar
15:50 Bow Saw
23:47 Wheelbarrow
25:43 Loom
26:14 Hand Cart
25:48 Town Watch
28:45 Imperial Age
26:48 Scale Barding Armor
26:54 Forging
26:48 Husbandry
26:58 Bloodlines
27:17 Gold Mining
28:20 Chain Barding Armor
28:07 Scale Mail Armor
30:29 Two-Man Saw
29:41 Heavy Plow
30:35 Iron Casting
30:50 Plate Barding Armor
30:55 Squires
32:24 Gold Shaft Mining
31:39 Stone Mining
32:02 Town Patrol
32:12 Heavy Camel Rider
32:35 Pikeman
33:01 Gambesons
33:02 Arson
34:01 Conscription
35:28 Chain Mail Armor
36:18 Blast Furnace
36:31 Stone Shaft Mining
36:32 Crop Rotation
36:33 Elite War Elephant
37:15 Kamandaran
38:37 Halberdier
40:04 Plate Mail Armor
39:25 Fletching
39:36 Padded Archer Armor
41:15 Bodkin Arrow
41:50 Ballistics
42:31 Chemistry
41:42 Masonry
41:07 Light Cavalry
42:04 Thumb Ring
41:20 Elite Skirmisher
41:22 Crossbowman
cagatai
11:13 Feudal Age
11:47 Double-Bit Axe
11:43 Horse Collar
20:47 Castle Age
19:41 Stone Mining
20:30 Loom
29:13 Gold Mining
30:20 Wheelbarrow
29:34 Town Watch
31:18 Gold Mining
36:25 Fletching
36:36 Padded Archer Armor
36:41 Scale Barding Armor
39:34 Squires
Mecánico
11:22 Feudal Age
14:03 Castle Age
12:11 Double-Bit Axe
12:41 Horse Collar
16:23 Heavy Plow
20:10 Gold Mining
21:01 Bow Saw
22:44 Redemption
25:08 Gold Shaft Mining
27:41 Imperial Age
28:02 Ballistics
29:41 Conscription
29:35 Husbandry
30:23 Wheelbarrow
31:01 Double Crossbow
32:08 Crop Rotation
32:10 Stone Mining
33:54 Chemistry
34:18 Hand Cart
35:16 Heavy Scorpion
37:54 Bloodlines
37:05 Light Cavalry
Connection lost

Rejoining the realm…

Still unreachable

The connection could not be restored.

Session expired

The server has moved on; the page needs a fresh start.